 Dungeon Crawl Stone Soup version 0.27-a0-1308-gc08437e49b (webtiles) character file.

Game seed: 9309626333017644380

228322 Sobieck the Spry (level 18, -37/107 HPs)
             Began as a Spriggan Berserker on June 17, 2021.
             Was the Champion of Trog.
             Killed from afar by Nikola (50 damage)
             ... on level 1 of the Elven Halls on June 18, 2021.
             The game lasted 02:14:15 (47323 turns).

Sobieck the Spry (Spriggan Berserker)              Turns: 47323, Time: 02:14:15

Health: -37/107    AC: 13    Str: 19    XL:     18   Next: 70%
Magic:  0/19       EV: 35    Int:  9    God:    Trog [******]
Gold:   3415       SH: 12    Dex: 21    Spells: 17/17 levels left

rFire    . . .     SeeInvis +   a - +7 demon blade (flame) {long}
rCold    + + .     Faith    .   e - +3 buckler
rNeg     + + .     Spirit   +   M - +0 acid dragon scales
rPois    +         Reflect  .   U - +1 hat of Divine Compulsion {rElec rN++ Will+ Dex-4}
rElec    +         Harm     .   F - +2 cloak of Heudaela {rC++ rCorr Dex+3 Slay-2}
rCorr    +         Rampage  .   (gloves unavailable)
Will     +++++                  (boots unavailable)
Stlth    +++.......             E - amulet of guardian spirit
HPRegen  1.27/turn              b - ring "Ochuv" {rElec Dex+6 Stlth+}
MPRegen  0.16/turn              h - ring of poison resistance

@: strong-willed, on berserk cooldown, regenerating, slowed, quick
A: very small, no large weapons, unfitting armour, see invisible, speed 3
}: 1/15 runes: gossamer
a: Renounce Religion, Berserk, Trog's Hand, Brothers in Arms


You were on level 1 of the Elven Halls.
You worshipped Trog.
Trog was exalted by your worship.
You visited 5 branches of the dungeon, and saw 28 of its levels.
You also visited: Gauntlet.

You collected 3415 gold pieces.


Innate Abilities, Weirdness & Mutations

You are very small and have problems with some larger weapons.
You are too small for most types of armour.
You have supernaturally acute eyesight. (SInv)
You cover ground extremely quickly. (Speed+++)


   Skills:
 + Level 17.0 Fighting
 - Level 9.5(14.1) Short Blades
 - Level 13.3(14.0) Long Blades
 + Level 11.0 Armour
 + Level 20.0 Dodging
 + Level 2.5 Stealth
 - Level 7.2 Shields
 + Level 2.0 Evocations


You had 17 spell levels left.
You didn't know any spells.
Your spell library contained the following spells:

 Spells                   Type           Power      Damage    Failure   Level
 Animate Skeleton         Necr           0%         N/A       45%         1
 Apportation              Tloc           0%         N/A       45%         1
 Beastly Appendage        Tmut           0%         N/A       45%         1
 Corona                   Hex            0%         N/A       45%         1
 Foxfire                  Conj/Fire      0%         2x1d4     45%         1
 Freeze                   Ice            0%         1d3       45%         1
 Sting                    Tmut/Pois      0%         1d3       45%         1
 Summon Small Mammal      Summ           0%         N/A       45%         1
 Call Imp                 Summ           0%         N/A       58%         2
 Passwall                 Tmut/Erth      0%         N/A       58%         2
 Poisonous Vapours        Pois/Air       0%         N/A       58%         2
 Sublimation of Blood     Necr           0%         N/A       58%         2
 Wereblood                Tmut           0%         N/A       58%         2
 Call Canine Familiar     Summ           0%         N/A       83%         3
 Confusing Touch          Hex            0%         N/A       83%         3
 Conjure Flame            Conj/Fire      0%         6-21      83%         3
 Frozen Ramparts          Ice            0%         1d2       83%         3
 Gell's Gravitas          Tloc           0%         N/A       83%         3
 Ignite Poison            Fire/Tmut/Pois 0%         N/A       83%         3
 Inner Flame              Hex/Fire       0%         N/A       83%         3
 Mephitic Cloud           Conj/Pois/Air  0%         N/A       83%         3
 Ozocubu's Armour         Ice            0%         N/A       83%         3
 Spider Form              Tmut/Pois      0%         N/A       83%         3
 Summon Guardian Golem    Hex/Summ       0%         N/A       83%         3
 Swiftness                Air            0%         N/A       83%         3
 Animate Dead             Necr           0%         N/A       99%         4
 Cause Fear               Hex            0%         N/A       99%         4
 Hailstorm                Conj/Ice       0%         3d3       99%         4
 Ice Form                 Ice/Tmut       0%         N/A       99%         4
 Olgreb's Toxic Radiance  Pois           0%         N/A       99%         4
 Passage of Golubria      Tloc           N/A        N/A       99%         4
 Petrify                  Tmut/Erth      0%         N/A       99%         4
 Sticky Flame             Conj/Fire      0%         2d3       99%         4
 Summon Ice Beast         Ice/Summ       0%         N/A       99%         4
 Summon Lightning Spire   Summ/Air       0%         N/A       99%         4
 Alistair's Intoxication  Tmut/Pois      0%         N/A       100%        5
 Borgnjor's Vile Clutch   Necr/Erth      0%         N/A       100%        5
 Fireball                 Conj/Fire      0%         3d3       100%        5
 Freezing Cloud           Conj/Ice/Air   0%         6-21      100%        5
 Irradiate                Conj/Tmut      0%         3d13      100%        5
 Lee's Rapid Deconstruct  Erth           0%         3d5*      100%        5
 Metabolic Englaciation   Hex/Ice        0%         N/A       100%        5
 Silence                  Hex/Air        0%         N/A       100%        5
 Yara's Violent Unravell  Hex/Tmut       0%         3d3       100%        5
 Death Channel            Necr           0%         N/A       100%        6
 Eringya's Noxious Bog    Tmut/Pois      0%         N/A       100%        6
 Invisibility             Hex            0%         N/A       100%        6
 Shadow Creatures         Summ           N/A        N/A       100%        6
 Simulacrum               Ice/Necr       0%         N/A       100%        6
 Starburst                Conj/Fire      0%         8x6d3     100%        6
 Ozocubu's Refrigeration  Ice            0%         4d5       100%        7
 Discord                  Hex            0%         N/A       100%        8
 Ignition                 Fire           0%         3d3       100%        8

Inventory:

Hand Weapons
 a - a +7 demon blade of flaming (weapon) {long}
   (Trog gifted it to you on level 5 of the Lair of Beasts)
 y - the +6 falchion "Ahiafuer" {vorpal, rPois, long}
   (Trog gifted it to you on level 2 of the Spider Nest)

   It inflicts extra damage upon your enemies.
   It protects you from poison.
 G - a +9 dagger of flaming {short}
   (Trog gifted it to you on level 3 of the Spider Nest)
 P - a +4 scimitar of freezing {long}
   (Trog gifted it to you on level 10 of the Dungeon)
 W - the +6 rapier of the Insatiable Beggars {antimagic, rF+ Dex+5, short}
   (Trog gifted it to you on level 6 of the Lair of Beasts)

   It reduces the magical energy of the wielder, and disrupts the spells and
   magical abilities of those hit.
   Natural abilities and divine invocations are not affected.
   It affects your dexterity (+5).
   It protects you from fire.
Missiles
 f - 108 poisoned darts {throwing}
 j - 3 boomerangs of dispersal {=f!fthrowing}
 r - a throwing net {=f!fthrowing}
 s - 64 boomerangs {throwing}
 v - 154 bolts
 x - 6 curare-tipped darts {=fthrowing}
Armour
 e - a +3 buckler (worn)
   (You found it on level 6 of the Lair of Beasts)
 F - the +2 cloak of Heudaela (worn) {rC++ rCorr Dex+3 Slay-2}
   (You acquired it on level 5 of the Lair of Beasts)

   It affects your dexterity (+3).
   It affects your accuracy and damage with ranged weapons and melee attacks
   (-2).
   It greatly protects you from cold.
   It protects you from acid and corrosion.
 M - +0 acid dragon scales (worn)
   (You found it on level 10 of the Dungeon)
 U - the +1 hat of Divine Compulsion (worn) {rElec rN++ Will+ Dex-4}
   (You found it in a Gauntlet)

   It affects your dexterity (-4).
   It insulates you from electricity.
   It greatly protects you from negative energy.
   It increases your willpower.
Jewellery
 b - the ring "Ochuv" (left hand) {rElec Dex+6 Stlth+}
   (You found it on level 2 of the Spider Nest)

   [ring of dexterity]

   It affects your dexterity (+6).
   It insulates you from electricity.
   It makes you more stealthy.
 c - a ring of protection from fire
   (You found it on level 4 of the Dungeon)
 h - a ring of poison resistance (right hand)
   (You found it on level 1 of the Dungeon)
 n - a ring of protection from cold
   (You found it on level 1 of the Lair of Beasts)
 E - an amulet of guardian spirit (around neck)
   (You found it on level 6 of the Dungeon)
 I - a +6 ring of strength
   (You found it on level 10 of the Dungeon)
 J - a ring of positive energy
   (You found it on level 6 of the Lair of Beasts)
 T - the ring of Xuxa {Wiz rN+}
   (You found it in a Gauntlet)

   [ring of wizardry]

   It improves your spell success rate.
   It protects you from negative energy.
 X - a ring of willpower
   (You found it in a Gauntlet)
Wands
 m - a wand of mindburst (9)
   (You found it on level 4 of the Spider Nest)
 C - a wand of flame (76)
   (You found it on level 9 of the Dungeon)
 O - a wand of acid (8)
   (You found it on level 5 of the Lair of Beasts)
 R - a wand of iceblast (21)
   (You found it on level 10 of the Dungeon)
 S - a wand of digging (4)
   (You found it on level 4 of the Spider Nest)
Scrolls
 d - 3 scrolls of immolation {!r!r}
 i - 4 scrolls of fear
 w - 15 scrolls of teleportation {@r4}
 D - 3 scrolls of magic mapping {!r}
 K - a scroll of vulnerability {!r!r}
 L - a scroll of summoning
 N - a scroll of holy word
 V - 2 scrolls of blinking {!r}
 Y - a scroll of fog
 Z - 8 scrolls of identify {@r1}
Potions
 g - a potion of cancellation
 k - 9 potions of invisibility
 o - 2 potions of heal wounds {@q2}
 p - 3 potions of curing {@q1}
 u - 5 potions of flight
 z - 4 potions of haste {@q3}
 A - 9 potions of might
 B - 3 potions of attraction {!q}
 H - 2 potions of resistance
 Q - 13 potions of ambrosia
Miscellaneous
 l - a box of beasts
   (You found it on level 14 of the Dungeon)
 q - a condenser vane
   (You found it on level 2 of the Lair of Beasts)
 t - a tin of tremorstones (2/2) {throwing}
   (You found it on level 14 of the Dungeon)

Dungeon Overview and Level Annotations

Branches:
Dungeon (15/15)            Temple (0/1) D:7            Lair (6/6) D:8
 Shoals (0/4) Lair:2       Spider (4/4) Lair:4        Slime (0/5) Lair:6
    Orc (2/2) D:12            Elf (1/3) Orc:2        Vaults (0/5) D:14
 Depths (0/5) D:15        Gauntlet (visited)

Altars:
Ashenzari
Cheibriados
Dithmenos
Elyvilon
Kikubaaqudgha
Makhleb
Nemelex Xobeh
Sif Muna
Trog
Uskayaw
Vehumet
Wu Jian
Xom
Yredelemnul
The Shining One

Shops:
Orc:2

[(*: ....... .......
....... .......
#.........### #...........
#........ยง)#
#.....e..ยง@# #.........)#
#.......#)# ##
#########.###############.
#.##......#.......#..)...#
#.#.####.#...)...#.)###.#
#.......#.......#.## ##.
##.######.......).# ##.
##.# #.......#.## #..


You could see a deep elf pyromancer.


Message History

The +1 flail of protection completely misses you.
You riposte.
You hit the +1 flail of protection. ๐Ÿ˜ฎ HP[+1]
You slash the +1 flail of protection!
The +1 flail of protection falls from the air.
Trog accepts your kill.
The +4 trident of flaming hits you from afar.
The +4 trident of flaming burns you.
Your Evocations skill increases to level 2! ๐Ÿ˜ฎ HP[-8]
You take 8 damage, and now have 69/107 hp.
You slash Nikola! You burn Nikola.
You block the +4 trident of flaming's attack.
You block Nikola's attack. ๐Ÿ˜ฎ HP[+1] MP[+1]
You hit Nikola. You burn Nikola.
Your stone giant rages.
You block the +4 trident of flaming's attack.
You hear a shout! ๐Ÿ˜ฎ HP[+1]
You slash Nikola! You burn Nikola.
The +4 trident of flaming closely misses you.
Nikola mumbles some strange words.
Lightning arcs from Nikola's hands!
The bolt of lightning hits the +4 trident of flaming!!!
The +4 trident of flaming resists.
The +4 trident of flaming falls from the air.
A bolt of lightning appears from out of thin air!
The bolt of lightning hits Nikola!
The bolt of lightning hits you!! You resist.
* * * LOW HITPOINT WARNING * * *
The bolt of lightning hits your stone giant!!!
You hear a shout! x2 ๐Ÿ˜จ HP[-23] MP[-3]
You take 23 damage, and now have 48/107 hp.
MASSIVE DAMAGE!! (PAUSE)
You lost 3 mp, and now have 7/19 mp.
Unknown command.
You are too injured to fight recklessly!
Unknown command.
A red film seems to cover your vision as you go berserk!
You feel yourself moving faster!
You feel mighty!
A deep elf pyromancer comes into view. It is wielding a +0 rapier.
Nikola gestures wildly while chanting.
Lightning arcs from Nikola's hands!
The bolt of lightning hits you!!! You resist.
* * * LOW HITPOINT WARNING * * *
A bolt of lightning appears from out of thin air!
The bolt of lightning hits Nikola!
The bolt of lightning hits your stone giant!!! ๐Ÿ˜ฑ HP[-22] MP[-4]
You now have 160 max hp (+53).
You lost 4 mp, and now have 3/19 mp.
You barely miss Nikola. You closely miss Nikola.
Nikola mumbles some strange words.
Nikola blinks! ๐Ÿ˜ฑ HP[+1]
Things that are here:
a +1 flail of protection {mace}; a +1 rapier of venom {short} You feel a strong urge to attack something.
You see here a +4 trident of flaming {polearm}. ๐Ÿ˜ฑ HP[+1] Nikola hits you with a +2 rapier of electrocution.
* * * LOW HITPOINT WARNING * * *
๐Ÿ˜ฑ HP[-3] MP[-1]
You take 3 damage, and now have 25/160 hp.
You lost 1 mp, and now have 2/19 mp.
You slash Nikola! You burn Nikola. You slash Nikola! You burn Nikola.
Nikola hits you with a +2 rapier of electrocution!
* * * LOW HITPOINT WARNING * * *
๐Ÿ˜ฑ HP[-8] MP[-1]
You take 8 damage, and now have 17/160 hp.
You lost 1 mp, and now have 1/19 mp.
You slash Nikola! You burn Nikola.
Unknown command.
You slash Nikola! You burn Nikola.
The deep elf pyromancer completely misses you. ๐Ÿ˜ฑ HP[+1] MP[+1] Unknown command.
You slash Nikola! You burn Nikola. Nikola misses you.
Your stone giant hits Nikola!!!
You slice Nikola!! You burn Nikola.
Your stone giant hits Nikola!
The deep elf pyromancer gestures wildly while chanting.
The deep elf pyromancer blinks! ๐Ÿ˜ฑ HP[+1] Unknown command.
You closely miss Nikola.
You are no longer berserk.
You are exhausted.
You feel yourself slow down.
Nikola gestures wildly while chanting.
Lightning arcs from Nikola's hands!
The bolt of lightning hits your stone giant!!
Your stone giant dies!
Your stone giant's corpse disappears in a puff of smoke!
A bolt of lightning appears from out of thin air!
The bolt of lightning hits Nikola!
Nikola dies!
The bolt of lightning hits you!!! You resist.
You die...

Skill      XL: |  1  2  3  4  5  6  7  8  9 10 11 12 13 14 15 16 17 18 |
---------------+-------------------------------------------------------+-----
Dodging        | 5 6 7 9 12 14 15 16 17 18 20 | 20.0
Fighting       | 3 4 5 6 8 10 11 12 13 14 16 17 | 17.0
Long Blades    | 3 4 10 12 13 | 13.3
Short Blades   | 1 2 6 7 9 |  9.5
Armour         | 2 5 7 9 10 11 | 11.0
Shields        | 3 6 7 |  7.2
Stealth        | 2 |  2.5
Evocations     | 2 |  2.0

Action                   |  1- 3 |  4- 6 |  7- 9 | 10-12 | 13-15 | 16-18 || total
-------------------------+-------+-------+-------+-------+-------+-------++-------
Melee: Falchion          |    94 |    30 |       |       |       |       ||   124
       Dagger            |       |    86 |   235 |   918 |   598 |       ||  1837
       Rapier            |       |       |       |     2 |       |       ||     2
       Scimitar          |       |       |       |     4 |     8 |       ||    12
       Demon blade       |       |       |       |       |   962 |  2143 ||  3105
Throw: Boomerang         |       |       |       |       |     4 |       ||     4
Invok: Berserk           |     4 |     6 |    16 |    32 |    37 |    51 ||   146
       Brothers in Arms  |       |       |       |     1 |     3 |     4 ||     8
       Trog's Hand       |       |       |       |     1 |     6 |     6 ||    13
Evoke: Wand              |       |       |       |       |     3 |       ||     3
  Use: Scroll            |     3 |       |     8 |    12 |     9 |    10 ||    42
       Potion            |       |       |       |     3 |     1 |     3 ||     7
 Stab: Sleeping          |     2 |     2 |     1 |       |       |     3 ||     8
       Petrified         |       |       |       |       |       |     5 ||     5
       Petrifying        |       |       |       |       |       |     1 ||     1
       Distracted        |       |       |       |       |       |     3 ||     3
Armor: Animal skin       |     7 |     6 |     6 |     3 |       |       ||    22
       Robe              |       |       |       |     9 |       |       ||     9
       Acid dragon scale |       |       |       |    52 |   198 |   215 ||   465
Dodge: Dodged            |    98 |    65 |   128 |   678 |  1372 |  1723 ||  4064
Block: Buckler           |       |       |       |       |   167 |   909 ||  1076
       Rpst.: Falchion   |    38 |     6 |       |       |       |       ||    44
       Scimitar          |       |       |       |     1 |     7 |       ||     8
       Demon blade       |       |       |       |       |   192 |   361 ||   553

Levels and vault maps discovered:
D:1:      dpeg_arrival_boxorama, layout_loops_ring
D:2:      layout_rooms, ebering_ecumenical_altar_mist
D:3:      layout_loops_ring, slow_altar_2, gammafunk_ghost_cemetery,
          minmay_misc_feat_nine_boxes, uniq_jessica, uniq_terence
D:4:      layout_basic, uniq_ijyb, uniq_duvessa, uniq_blork_the_orc, uniq_pikel
D:5:      layout_basic, marbit_many_paths, chequers_temple_overflow_minitemple,
          uniq_grinder
D:6:      layout_basic, gammafunk_ghost_split, serial_glass, glass_columns_b,
          glass_columns_a, feat_on_display, item_on_display_a,
          grunt_decor_one_mirror, kennysheep_another_room, uniq_edmund
D:7:      layout_layer_cave, temple_hall, gammafunk_ghost_cemetery
D:8:      kennysheep_housing_project, layout_loops_ring,
          nicolae_vehumet_radiance, lair_entry_dummy, minmay_three_doors
D:9:      layout_big_octagon, nicolae_overflow_hidden_temple,
          gammafunk_temple_overflow_elements
D:10:     minmay_bubble_buster, layout_cave_pools, nemelex_spade_bored_becter,
          lemuel_round_altar, makhleb_altar_promises_db,
          chequers_serial_rivers_room_b
D:11:     layout_rooms, serial_curves, eino_curves_02, eino_curves_03,
          uniq_fannar, uniq_snorg, uniq_psyche
D:12:     layout_loops_cross, orc_0_dummy, kennysheep_decorative_pillar,
          grunt_dithmenos_smoke
D:13:     evilmike_negative_zone, layout_loops_ring, skrybe_limestone_x,
          uniq_nessos, uniq_kirke
D:14:     minmay_the_grid_triangle_9x9_line_8_mashed
          [minmay_the_grid_triangle_9x9_alien,
          minmay_the_grid_triangle_9x9_skeleton,
          minmay_the_grid_triangle_9x9_sparse_checkered,
          minmay_the_grid_triangle_9x9_thin_v,
          minmay_the_grid_triangle_9x9_intruding_spiral,
          minmay_the_grid_triangle_9x9_swiss_cheese,
          minmay_the_grid_triangle_9x9_warning,
          minmay_the_grid_triangle_9x9_prize_insulated], layout_irregular_city,
          david_vaults_2, serial_bayou_pond_b, serial_column_ruins,
          column_ruins_hut_ruined, column_ruins_hut, column_ruins_grid_1,
          column_ruins_corridor_dead_end, column_ruins_open_tiny,
          column_ruins_open_small, column_ruins_open_tiny,
          column_ruins_open_small, hex_tiny
D:15:     gammafunk_depths_entry_grave, layout_irregular_city,
          solitary_fountain, portal_ice_cave_demonic_guard, uniq_jorgrun
Lair:1:   layout_layer_cave
Lair:2:   mu_elephants_graveyard, layout_regular_city, minmay_shoals_entry_hut,
          gammafunk_ghost_necromancy, minmay_lair_oklob_chamber
Lair:3:   layout_cave_shapes, st_stairs_7, uniq_gastronok
Lair:4:   layout_loops_ring, spider_nest_entry_webs,
          nicolae_volcano_entry_hallway, minivault_24
Lair:5:   layout_hall_layers, special_room [special_room_mythical_zoo],
          gauntlet_entry_generic, infiniplex_staircase_pool
Lair:6:   due_jungle_book, layout_regular_city, minmay_slime_entry_oklob_open,
          grunt_megastairs_5, serial_bayou_shore_b, lemuel_fruit_tree
Spider:1: layout_spider_delve
Spider:2: layout_spider_delve, ebering_ghost_rock_garden,
          nicolae_spider_cling_halls
Spider:3: layout_spider_delve, special_room [special_room_bee],
          nicolae_spider_bzzzt
Spider:4: grunt_spider_rune_circles, nicolae_spider_checkerboard
Orc:1:    layout_caves, nicolae_orc_flooded_monolith, uniq_erica
Orc:2:    st_orc_mages, layout_diamond_mine, basic_altar
Elf:1:    minmay_elf_arrival_summoners, layout_loops_cross,
          hangedman_elven_crosses_minicolossus, uniq_nikola

Notes
Turn   | Place    | Note
-------+----------+-------------------------------------------
     0 | D:1      | Sobieck the Spriggan Berserker began the quest for the Orb.
     0 | D:1      | Reached XP level 1. HP: 11/11 MP: 2/2
     0 | D:1      | magus.rc [v1.9.6]
   516 | D:1      | Reached XP level 2. HP: 16/16 MP: 3/3
  1444 | D:3      | Reached XP level 3. HP: 19/19 MP: 4/4
  1445 | D:3      | Reached ** piety under Trog
  1801 | D:2      | Found a faded altar of an unknown god.
  1910 | D:2      | Reached skill level 5 in Dodging
  2173 | D:3      | Found a runed translucent gate.
  2174 | D:3      | Noticed lmSkywalker's ghost (amateur PaFi)
  2174 | D:3      | Noticed freelancePsychic's ghost (amateur DsAr)
  2176 | D:3      | Found a runed translucent gate.
  2176 | D:3      | Found a runed translucent gate.
  2184 | D:3      | Reached XP level 4. HP: 23/23 MP: 5/5
  2306 | D:3      | Noticed Jessica
  2314 | D:3      | Killed Jessica
  2315 | D:3      | Reached skill level 3 in Fighting
  2315 | D:3      | Reached skill level 3 in Long Blades
  2327 | D:4      | Noticed a necrophage
  2331 | D:4      | Killed a necrophage
  2332 | D:4      | Reached skill level 6 in Dodging
  2332 | D:4      | Reached XP level 5. HP: 28/28 MP: 6/6
  3131 | D:3      | Noticed Terence
  3143 | D:3      | Killed Terence
  3449 | D:3      | Found a snail-covered altar of Cheibriados.
  3565 | D:4      | Noticed a necrophage
  3573 | D:4      | Killed a necrophage
  3574 | D:4      | Reached skill level 1 in Short Blades
  3574 | D:4      | Reached skill level 7 in Dodging
  3574 | D:4      | Reached XP level 6. HP: 32/32 MP: 7/7
  3662 | D:5      | Entered Level 5 of the Dungeon
  3717 | D:4      | Reached *** piety under Trog
  3923 | D:4      | Reached skill level 2 in Short Blades
  4098 | D:4      | Reached XP level 7. HP: 37/37 MP: 8/8
  4109 | D:4      | Noticed Blork the orc
  4117 | D:4      | Killed Blork the orc
  4118 | D:4      | Reached skill level 4 in Fighting
  4118 | D:4      | Reached skill level 3 in Short Blades
  4118 | D:4      | Reached skill level 8 in Dodging
  4227 | D:5      | Noticed Grinder
  4238 | D:5      | Killed Grinder
  4239 | D:5      | Reached skill level 4 in Short Blades
  4260 | D:4      | Noticed Duvessa
  4298 | D:4      | Killed Duvessa
  4305 | D:4      | Noticed Dowan
  4428 | D:4      | Noticed Pikel
  4435 | D:4      | Killed Pikel
  4436 | D:4      | Reached skill level 6 in Short Blades
  4436 | D:4      | Reached skill level 9 in Dodging
  4436 | D:4      | Reached XP level 8. HP: 42/42 MP: 9/9
  4447 | D:4      | Noticed Ijyb
  4505 | D:4      | Killed Ijyb
  4661 | D:4      | Reached skill level 5 in Fighting
  4672 | D:4      | Killed Dowan
  5378 | D:5      | Reached skill level 7 in Short Blades
  5657 | D:5      | Found a glowing golden altar of the Shining One.
  6003 | D:5      | Found an ornate altar of the Wu Jian Council.
  6003 | D:5      | Found a hide-covered altar of Uskayaw.
  6010 | D:5      | Found a bloodstained altar of Trog.
  6012 | D:5      | Found a white marble altar of Elyvilon.
  6014 | D:5      | Found a faded altar of an unknown god.
  6113 | D:5      | Reached XP level 9. HP: 47/47 MP: 10/10
  6355 | D:6      | Noticed deletemesenpai's ghost (novice HOFi)
  6358 | D:6      | Found a runed translucent gate.
  6358 | D:6      | Found a runed translucent gate.
  6358 | D:6      | Found a runed translucent gate.
  6359 | D:6      | Noticed a death knight
  6378 | D:6      | Noticed Edmund
  6388 | D:6      | Killed Edmund
  6389 | D:6      | Reached skill level 10 in Dodging
  6557 | D:6      | Reached **** piety under Trog
  6618 | D:6      | Reached skill level 8 in Short Blades
  7272 | D:6      | Reached skill level 6 in Fighting
  7417 | D:6      | Identified the +4 ring mail "Fecoraah" {rCorr Dex+4 Slay+3}
  7637 | D:7      | Found a runed translucent gate.
  7638 | D:7      | Found a runed translucent gate.
  7733 | D:7      | Found a runed translucent gate.
  7733 | D:7      | Noticed indyram44's ghost (novice MiBe)
  7733 | D:7      | Noticed ClockworkOrrery's ghost (novice GrFi)
  7734 | D:7      | Noticed rapeowns's ghost (novice DgCj)
  7734 | D:7      | Noticed dang3rdave's ghost (novice GrAE)
  7741 | D:7      | You pick up a book of Callings {forbidden} and begin
                  | reading...
  7741 | D:7      | You add the spells Summon Small Mammal, Call Imp, Call
                  | Canine Familiar, Summon Guardian Golem, Summon Lightning
                  | Spire and Summon Ice Beast to your library.
  7886 | D:7      | Reached skill level 9 in Short Blades
  8047 | D:7      | You pick up a book of Flames {forbidden} and begin
                  | reading...
  8047 | D:7      | You add the spells Foxfire, Conjure Flame, Inner Flame,
                  | Sticky Flame and Fireball to your library.
  8721 | D:7      | Found a staircase to the Ecumenical Temple.
  9146 | D:9      | Noticed a two-headed ogre
  9160 | D:9      | Killed a two-headed ogre
  9161 | D:9      | Reached skill level 12 in Dodging
  9161 | D:9      | Reached XP level 10. HP: 53/53 MP: 11/11
  9495 | D:8      | Found a radiant altar of Vehumet.
  9836 | D:8      | HP: 5/53 [orc priest/divine providence (15)]
 10466 | D:9      | Noticed a deep elf pyromancer
 10608 | D:8      | Found a staircase to the Lair.
 10742 | D:8      | Reached ***** piety under Trog
 11144 | D:8      | Noticed a six-headed hydra
 11151 | D:8      | Killed a six-headed hydra
 11152 | D:8      | Reached skill level 7 in Fighting
 11152 | D:8      | Reached skill level 13 in Dodging
 11417 | D:8      | Identified a scroll of acquirement
 11417 | D:8      | Acquired a manual of Long Blades
 11901 | D:9      | Reached skill level 8 in Fighting
 11902 | D:9      | Reached skill level 14 in Dodging
 12043 | D:9      | Received a gift from Trog
 12328 | D:9      | Found a basalt altar of Yredelemnul.
 12328 | D:9      | Found a shimmering blue altar of Sif Muna.
 12495 | D:9      | Reached XP level 11. HP: 60/60 MP: 12/12
 12671 | D:10     | Entered Level 10 of the Dungeon
 12733 | D:10     | Found a burning altar of Makhleb.
 12733 | D:10     | Noticed a balrug
 12997 | D:9      | Found a broken altar of Ashenzari.
 13337 | D:10     | Found a shimmering altar of Xom.
 13607 | D:10     | Found a sparkling altar of Nemelex Xobeh.
 13748 | D:11     | Noticed Fannar
 13758 | D:11     | Killed Fannar
 13779 | D:11     | Reached skill level 9 in Fighting
 13779 | D:11     | Reached skill level 15 in Dodging
 14127 | D:10     | Received a gift from Trog
 14128 | D:10     | Reached skill level 10 in Fighting
 14422 | D:11     | Reached skill level 1 in Armour
 14629 | D:11     | Noticed a two-headed ogre
 14647 | D:11     | Killed a two-headed ogre
 14689 | D:11     | Noticed Psyche
 14731 | D:11     | Killed Psyche
 14732 | D:11     | Reached skill level 2 in Armour
 14738 | D:11     | Noticed Snorg
 14812 | D:11     | Killed Snorg
 14813 | D:11     | Reached XP level 12. HP: 68/68 MP: 13/13
 15367 | D:11     | You pick up a book of Changes {forbidden} and begin
                  | reading...
 15367 | D:11     | You add the spells Beastly Appendage, Wereblood, Spider
                  | Form and Ice Form to your library.
 15534 | D:11     | Reached skill level 3 in Armour
 15771 | D:14     | Noticed a boulder beetle
 15800 | D:12     | Found a staircase to the Orcish Mines.
 15896 | D:12     | Found a shadowy altar of Dithmenos.
 16213 | Lair:1   | Entered Level 1 of the Lair of Beasts
 16242 | Lair:1   | Reached skill level 16 in Dodging
 16795 | Lair:1   | You pick up a book of Hexes {forbidden} and begin
                  | reading...
 16795 | Lair:1   | You add the spells Cause Fear, Yara's Violent Unravelling,
                  | Silence and Discord to your library.
 17002 | Lair:1   | Reached skill level 4 in Armour
 17157 | Lair:1   | Reached skill level 11 in Fighting
 17651 | Lair:1   | You pick up a book of Frost {forbidden} and begin
                  | reading...
 17651 | Lair:1   | You add the spells Freeze, Frozen Ramparts, Ozocubu's
                  | Armour, Hailstorm and Metabolic Englaciation to your
                  | library.
 18167 | Lair:2   | Found a runed translucent gate.
 18167 | Lair:2   | Found a runed translucent gate.
 18167 | Lair:2   | Found a runed translucent gate.
 18168 | Lair:2   | Noticed Dejups's ghost (journeyman TrBe)
 18567 | Lair:2   | Reached skill level 5 in Armour
 18909 | Lair:2   | Reached XP level 13. HP: 74/74 MP: 14/14
 18920 | Lair:2   | Reached skill level 17 in Dodging
 19221 | Lair:2   | Found a staircase to the Shoals.
 19453 | Lair:2   | Reached skill level 6 in Armour
 19471 | Lair:2   | Noticed a dire elephant
 19542 | Lair:2   | Killed a dire elephant
 19698 | Lair:2   | You pick up a book of Cantrips {forbidden} and begin
                  | reading...
 19698 | Lair:2   | You add the spells Corona, Animate Skeleton and Apportation
                  | to your library.
 20064 | Lair:3   | Noticed Gastronok
 20086 | Lair:3   | Reached skill level 12 in Fighting
 20301 | Lair:3   | Killed Gastronok
 20545 | Lair:3   | Reached skill level 7 in Armour
 21948 | Lair:4   | Identified the -2 helmet "Namo" {rF- Int+4}
 22004 | Lair:5   | Found a gate leading to a gauntlet.
 22009 | Gauntlet | Entered a Gauntlet
 22009 | Gauntlet | Found a runed translucent door.
 22009 | Gauntlet | Found a transporter.
 22009 | Gauntlet | Found a runed translucent door.
 22009 | Gauntlet | Found a transporter.
 22014 | Gauntlet | Found a transporter.
 22015 | Gauntlet | Found a transporter.
 22017 | Gauntlet | Found a transporter.
 22058 | Gauntlet | Found a transporter.
 22060 | Gauntlet | Found a transporter.
 22060 | Gauntlet | Found a transporter.
 22079 | Gauntlet | Found a transporter.
 22090 | Gauntlet | Found a transporter.
 22100 | Gauntlet | Found a transporter.
 22104 | Gauntlet | Found a transporter.
 22145 | Gauntlet | Found a transporter.
 22158 | Gauntlet | Found a transporter.
 22306 | Gauntlet | Identified the ring of Xuxa {Wiz rN+}
 22352 | Gauntlet | Identified the +1 hat of Divine Compulsion {rElec rN++
                  | Will+ Dex-4}
 22389 | Gauntlet | You pick up a book of Burglary {forbidden} and begin
                  | reading...
 22389 | Gauntlet | You add the spells Passwall, Swiftness, Passage of
                  | Golubria, Lee's Rapid Deconstruction and Invisibility to
                  | your library.
 22427 | Gauntlet | Identified the ring of Springtime {Drain rF+ rC+ Int+6}
 22427 | Gauntlet | Noticed a minotaur
 22438 | Gauntlet | Killed a minotaur
 22448 | Gauntlet | Identified the Compendium of Transmigration and the Escort
 22448 | Gauntlet | Identified the +1 leather armour of the Poles {rF+ Str+4}
 22449 | Gauntlet | You add the spells Sting, Irradiate, Alistair's
                  | Intoxication and Shadow Creatures to your library.
 22609 | Gauntlet | Identified the +0 leather armour "Qeng" {rN+ Regen+ Int+3
                  | Dex-4 Slay-6 Stlth+}
 22611 | Gauntlet | Identified the +2 robe of Beyond {-Tele Rampage Regen+
                  | Stlth-}
 22667 | Lair:5   | Acquired the +2 cloak of Heudaela {rC++ rCorr Dex+3 Slay-2}
 23340 | Lair:4   | Reached skill level 4 in Long Blades
 23407 | Lair:4   | You pick up a book of Hexes {forbidden} and begin
                  | reading...
 23450 | Lair:4   | Found a hole to the Spider Nest.
 23515 | Lair:4   | Reached XP level 14. HP: 81/81 MP: 15/15
 23529 | Lair:4   | Reached skill level 8 in Armour
 23691 | Lair:4   | Reached skill level 5 in Long Blades
 24077 | Lair:4   | magus.rc [v1.9.6]
 24227 | Lair:5   | Reached skill level 6 in Long Blades
 24235 | Lair:5   | Received a gift from Trog
 24267 | Lair:6   | Entered Level 6 of the Lair of Beasts
 24281 | Lair:6   | Reached skill level 13 in Fighting
 24366 | Lair:6   | Reached skill level 7 in Long Blades
 24858 | Lair:6   | Found a staircase to the Slime Pits.
 25251 | Lair:5   | Reached skill level 8 in Long Blades
 25648 | Lair:6   | You pick up a book of Ice {forbidden} and begin reading...
 25648 | Lair:6   | You add the spells Freezing Cloud, Simulacrum and Ozocubu's
                  | Refrigeration to your library.
 25949 | Lair:6   | Reached skill level 9 in Long Blades
 26365 | Lair:6   | Reached skill level 10 in Long Blades
 26365 | Lair:6   | Reached skill level 9 in Armour
 26761 | Lair:6   | Identified the +6 rapier of the Insatiable Beggars
                  | {antimagic, rF+ Dex+5} (Trog gifted it to you on level 6 of
                  | the Lair of Beasts)
 26761 | Lair:6   | Received a gift from Trog
 26851 | Lair:6   | Identified the Collected Works on the Vitriolic Frostbite
 26887 | Lair:6   | Reached XP level 15. HP: 86/86 MP: 16/16
 27201 | Lair:6   | Reached skill level 11 in Long Blades
 27201 | Lair:6   | Reached skill level 1 in Shields
 27230 | Lair:6   | Identified the +6 dagger "Neustrakk" {flame, Fly Str+3}
 27544 | D:7      | Killed indyram44's ghost
 27548 | D:7      | Killed dang3rdave's ghost
 27574 | D:6      | Killed ClockworkOrrery's ghost
 27711 | D:7      | Killed rapeowns's ghost
 28171 | D:12     | HP: 18/87 [very large slime creature (41)]
 28527 | D:13     | Reached skill level 2 in Shields
 28664 | D:13     | Found an ancient bone altar of Kikubaaqudgha.
 28716 | D:13     | Killed Nessos
 28966 | D:13     | You pick up a book of Fire {forbidden} and begin reading...
 28966 | D:13     | You add the spells Ignite Poison, Starburst and Ignition to
                  | your library.
 28991 | D:13     | Reached skill level 12 in Long Blades
 29207 | D:13     | Noticed Kirke
 29208 | D:13     | Reached skill level 3 in Shields
 29215 | D:13     | Noticed a sphinx
 29229 | D:13     | Killed Kirke
 29229 | D:13     | Received a gift from Trog
 29298 | D:13     | Upgraded the game from 0.27-a0-1301-g128193abf8 to
                  | 0.27-a0-1308-gc08437e49b
 29298 | D:13     | magus.rc [v1.9.6]
 29324 | D:13     | You pick up a book of Alchemy {forbidden} and begin
                  | reading...
 29324 | D:13     | You add the spells Sublimation of Blood, Petrify and
                  | Eringya's Noxious Bog to your library.
 30017 | D:13     | Found the +5 demon whip "Spellbinder" {antimagic, Will+}
 30026 | D:13     | Reached skill level 14 in Fighting
 30111 | D:13     | You pick up a book of Unlife {forbidden} and begin
                  | reading...
 30111 | D:13     | You add the spells Animate Dead, Borgnjor's Vile Clutch and
                  | Death Channel to your library.
 30184 | D:13     | Identified the +2 long sword of the Soothsayer {vorpal,
                  | rCorr Str-2 Dex+4}
 30215 | D:13     | Reached ****** piety under Trog
 30608 | D:13     | Reached skill level 10 in Armour
 30659 | D:14     | Reached XP level 16. HP: 93/93 MP: 17/17
 30727 | D:13     | Reached skill level 4 in Shields
 31399 | Orc:1    | Entered Level 1 of the Orcish Mines
 31427 | Orc:1    | Received a gift from Trog
 31433 | Orc:1    | b - a +4 vorpal quick blade {shortrare=g}
 31642 | Orc:1    | Noticed Erica
 31656 | Orc:1    | Killed Erica
 31831 | Orc:1    | Reached skill level 13 in Long Blades
 32457 | Orc:2    | Entered Level 2 of the Orcish Mines
 32901 | Orc:2    | Found a staircase to the Elven Halls.
 33097 | Orc:2    | Received a gift from Trog
 33127 | Orc:2    | Found a burning altar of Makhleb.
 33334 | Orc:2    | Found Zafeusui's Assorted Antiques.
 33334 | Orc:2    | Found Ypsoneur's Armour Shoppe.
 33334 | Orc:2    | Found Ruho's Weapon Shoppe.
 33631 | Orc:2    | Found Hophu's Book Emporium.
 34142 | D:14     | Reached skill level 5 in Shields
 34395 | D:14     | Found a gate to the Vaults.
 34963 | D:15     | Entered Level 15 of the Dungeon
 35527 | D:14     | Received a gift from Trog
 35841 | D:15     | Found a staircase to the Depths.
 36084 | D:15     | Reached skill level 6 in Shields
 36391 | D:15     | Noticed Jorgrun
 36404 | D:15     | Killed Jorgrun
 36405 | D:15     | Reached skill level 11 in Armour
 36405 | D:15     | Reached XP level 17. HP: 98/98 MP: 18/18
 36645 | D:15     | You pick up a book of Misfortune {forbidden} and begin
                  | reading...
 36645 | D:15     | You add the spells Confusing Touch and Gell's Gravitas to
                  | your library.
 36758 | D:15     | Reached skill level 15 in Fighting
 36913 | D:15     | You pick up a book of Frost {forbidden} and begin
                  | reading...
 37148 | D:15     | Reached skill level 7 in Shields
 37178 | D:15     | You drop a +4 vorpal quick blade {shortrare=g}.
 37461 | Spider:1 | Entered Level 1 of the Spider Nest
 37526 | Spider:1 | You add the spells Poisonous Vapours and Mephitic Cloud to
                  | your library.
 37917 | Spider:1 | Received a gift from Trog
 38737 | Spider:2 | Identified the ring "Ochuv" {rElec Dex+6 Stlth+}
 39144 | Spider:2 | Identified the +6 falchion "Ahiafuer" {vorpal, rPois} (Trog
                  | gifted it to you on level 2 of the Spider Nest)
 39144 | Spider:2 | Received a gift from Trog
 39217 | Spider:2 | Reached skill level 18 in Dodging
 39949 | Spider:2 | Found a runed translucent gate.
 39949 | Spider:2 | Found a runed translucent gate.
 39949 | Spider:2 | Found a runed translucent gate.
 39951 | Spider:2 | Noticed HilariousDeathArtist's ghost (adept MiWr)
 40354 | D:3      | Killed lmSkywalker's ghost
 40360 | D:3      | Killed freelancePsychic's ghost
 40498 | D:6      | Killed deletemesenpai's ghost
 40672 | Lair:2   | Killed Dejups's ghost
 41363 | Spider:2 | Killed HilariousDeathArtist's ghost
 41715 | Spider:2 | HP: 19/100 [spark wasp (15)]
 41723 | Spider:2 | Reached skill level 16 in Fighting
 41973 | Spider:3 | Received a gift from Trog
 41988 | Spider:3 | Reached XP level 18. HP: 105/105 MP: 17/19
 41999 | Spider:3 | Reached skill level 19 in Dodging
 42032 | Spider:3 | HP: 21/105 [poisoned by a redback]
 42930 | Spider:3 | You pick up a book of Frost {forbidden} and begin
                  | reading...
 43214 | Spider:4 | Entered Level 4 of the Spider Nest
 43677 | Spider:4 | Received a gift from Trog
 44395 | Spider:4 | Identified the +5 rapier of the Shouting Owl {vamp, +Rage
                  | rF+ Int-4 Dex+5}
 45792 | Spider:4 | Reached skill level 20 in Dodging
 46047 | Spider:4 | Got a gossamer rune of Zot
 46496 | Elf:1    | Entered Level 1 of the Elven Halls
 46840 | Elf:1    | Reached skill level 17 in Fighting
 46875 | Elf:1    | Reached skill level 1 in Stealth
 46916 | Elf:1    | Reached skill level 1 in Evocations
 47227 | Elf:1    | Reached skill level 2 in Stealth
 47289 | Elf:1    | Noticed Nikola
 47308 | Elf:1    | Reached skill level 2 in Evocations
 47311 | Elf:1    | HP: 26/160 [Nikola (48)]
 47316 | Elf:1    | HP: 25/160 [Nikola (4)]
 47323 | Elf:1    | Killed Nikola
 47323 | Elf:1    | Killed from afar by Nikola

Vanquished Creatures
  Jorgrun (D:15)
  Gastronok (Lair:3)
  The ghost of HilariousDeathArtist the Fencer, an adept MiWr of Kikubaaqudgha (Spider:2)
  Kirke (D:13)
  3 ghost moths
  An orc warlord (D:12)
  8 emperor scorpions
  5 entropy weavers
  4 spark wasps
  7 dire elephants
  Snorg (D:11)
  The ghost of Dejups the Spear-Bearer, a journeyman TrBe of Trog (Lair:2)
  An ice dragon (D:14)
  A yaktaur captain (D:14)
  Fannar (D:11)
  4 boulder beetles
  14 hydras
  5 centaur warriors
  A hell beast (Gauntlet)
  A catoblepas (D:13)
  9 two-headed ogres
  Erica (Orc:1)
  2 death knights
  2 ogre magi
  9 dancing weapons
  A death yak (Lair:6)
  5 orc high priests (Orc:2)
  2 spectral dire elephants (Lair:6)
  3 soul eaters (D:13)
  The ghost of indyram44 the Cleaver, a novice MiBe of Trog (D:7)
  The ghost of deletemesenpai the Blocker, a novice HOFi of Beogh (D:6)
  10 skeletal warriors
  2 flayed ghosts (D:13)
  3 fire crabs
  3 deep elf archers (Elf:1)
  A golden dragon zombie (D:15)
  The ghost of ClockworkOrrery the Fighter, a novice GrFi of Ashenzari (D:6)
  An obsidian statue (Lair:6)
  A spectral anaconda (Lair:6)
  3 wolf spider zombies (D:13)
  11 necromancers
  A spectral wolf spider (D:13)
  Pikel (D:4)
  An orc knight (Orc:1)
  4 deep elf zephyrmancers
  A spectral hydra (Lair:2)
  A phantasmal warrior (D:15)
  The ghost of rapeowns the Conjurer, a novice DgCj (D:7)
  The ghost of dang3rdave the Destroyer, a novice GrAE of Uskayaw (D:7)
  13 deep elf pyromancers
  6 oklob plants
  3 orc sorcerers
  7 cyclopes
  12 orb spiders
  A frost giant zombie (D:15)
  28 wolf spiders
  11 ugly things
  3 manticores
  10 spectral centaurs (D:13)
  5 black mambas
  A guardian serpent (shapeshifter) (D:13)
  2 moths of wrath (Spider:4)
  A stone giant skeleton (D:15)
  22 elephants
  A moth of wrath (shapeshifter) (D:13)
  2 torpor snails
  3 gargoyles
  A cane toad (shapeshifter) (D:14)
  6 centaur skeletons (D:13)
  16 cane toads
  A dire elephant skeleton (Lair:6)
  4 rime drakes
  A yaktaur (shapeshifter) (D:14)
  2 unseen horrors (D:10)
  An efreet (D:14)
  5 freezing wraiths
  12 komodo dragons
  7 yaktaurs
  8 demonic crawlers
  2 ice devils (D:15)
  Psyche (D:11)
  A tormentor (D:13)
  A harpy zombie (D:13)
  2 polar bears
  A tengu conjurer (D:14)
  A queen bee (Spider:3)
  15 trolls
  9 meliai
  Grinder (D:5)
  A blink frog (shapeshifter) (D:14)
  33 jumping spiders
  A wind drake (shapeshifter) (D:14)
  3 hornets
  A meliai zombie (D:10)
  A wolf spider simulacrum (D:13)
  8 blink frogs
  11 slime creatures
  2 spectral meliai (D:13)
  A spectral elephant (Lair:6)
  13 dream sheep
  A snapping turtle (Lair:2)
  92 redbacks
  A shadow (D:11)
  A spriggan (Lair:2)
  9 wyverns
  2 centaur simulacra
  3 wraiths
  A human (shapeshifter) (D:14)
  38 tarantellas
  A spriggan skeleton (D:15)
  82 yaks
  12 basilisks
  A hog (shapeshifter) (D:14)
  2 hogs (D:13)
  A dire elephant simulacrum (Lair:6)
  4 steam dragons
  A spectral komodo dragon (Lair:2)
  2 death yak simulacra (Lair:6)
  8 vampire mosquitoes
  2 swamp worms (Gauntlet)
  3 wargs
  3 spectral cane toads
  An acid dragon (D:10)
  Edmund (D:6)
  A hell hound (Gauntlet)
  Duvessa (D:4)
  18 water moccasins
  2 sky beasts
  33 orc warriors
  2 black bears
  A black mamba simulacrum (Lair:2)
  The ghost of lmSkywalker the Skirmisher, an amateur PaFi (D:3)
  9 ogres
  4 necrophages
  17 wolves
  The ghost of freelancePsychic the Charlatan, an amateur DsAr of Dithmenos (D:3)
  15 centaurs
  2 elephant skeletons (Lair:6)
  A phantom (D:6)
  Blork the orc (D:4)
  9 bullfrogs
  4 gnoll sergeants
  Dowan (D:4)
  A wyvern zombie (D:8)
  2 earth elementals (Elf:1)
  2 scorpions
  2 cane toad simulacra (Lair:2)
  A water moccasin zombie (D:6)
  A wyvern skeleton (D:7)
  A water moccasin skeleton (D:6)
  22 killer bees
  2 elephant simulacra (Lair:6)
  14 wights
  6 howler monkeys
  6 electric eels
  8 hounds
  A bullfrog skeleton (D:7)
  9 centaur zombies
  37 orc priests
  2 gnoll shamans
  Jessica (D:3)
  Ijyb (D:4)
  Terence (D:3)
  4 iguanas
  32 orc wizards
  8 hell rats (Lair:5)
  A killer bee zombie (D:9)
  3 howler monkey zombies
  2 adders
  22 gnolls
  3 white imps
  2 worms
  5 dart slugs
  80 orcs
  3 endoplasms
  4 giant cockroaches
  3 goblins
  15 hobgoblins
  3 jackals (D:3)
  A quokka (D:2)
  7 ball pythons
  7 bats
  A frilled lizard (D:3)
  13 kobolds
  A rat (D:1)
1184 creatures vanquished.

Vanquished Creatures (collateral kills)
  A minotaur (Gauntlet)
  A spark wasp (Spider:2)
  An orc sorcerer (Orc:2)
  2 fire bats (Gauntlet)
  An orc warrior (Orc:2)
  A kobold brigand (D:10)
  A wight (D:10)
  An orc priest (Orc:2)
  3 orc wizards (Orc:2)
  A howler monkey zombie (D:10)
13 creatures vanquished.

Vanquished Creatures (others)
  Nikola (Elf:1)
  Nessos (D:13)
  A dancing weapon (Elf:1)
  2 deep elf zephyrmancers (Elf:1)
  2 humans (D:13)
  An orc priest (Orc:1)
  2 demonic plants (Gauntlet)
  42 fungi
  47 plants
  25 withered plants
124 creatures vanquished.

Grand Total: 1321 creatures vanquished

Table legend:
 A = Non-vault XP
 B = Vault XP
 C = Vault XP percentage of total XP
 D = Non-vault monster count
 E = Vault monster count
 F = Vault count percentage of total count
                 A         B        C        D         E       F
            +---------+---------+-------+---------+---------+-------
      Total |  194767 |  159323 |  45.0 |     794 |     406 |  33.8
            +---------+---------+-------+---------+---------+-------
        D:1 |      32 |       0 |   0.0 |      18 |       0 |   0.0
        D:2 |      17 |       0 |   0.0 |      10 |       0 |   0.0
        D:3 |     123 |     314 |  71.9 |      23 |       5 |  17.9
        D:4 |     534 |     980 |  64.7 |      24 |       5 |  17.2
        D:5 |     736 |     305 |  29.3 |      14 |       2 |  12.5
        D:6 |     915 |    2913 |  76.1 |      19 |       7 |  26.9
        D:7 |     733 |    1959 |  72.8 |      12 |       3 |  20.0
        D:8 |    1181 |    2251 |  65.6 |      22 |      33 |  60.0
        D:9 |    3508 |       0 |   0.0 |      28 |       0 |   0.0
       D:10 |    2226 |    3209 |  59.0 |      25 |      15 |  37.5
       D:11 |    4650 |    2466 |  34.7 |      18 |       3 |  14.3
       D:12 |    8630 |       0 |   0.0 |      36 |       0 |   0.0
       D:13 |   15869 |   27762 |  63.6 |      29 |      50 |  63.3
       D:14 |    7712 |   18684 |  70.8 |      15 |      36 |  70.6
       D:15 |   15760 |    8520 |  35.1 |      37 |      11 |  22.9
     Lair:1 |    4779 |       0 |   0.0 |      19 |       0 |   0.0
     Lair:2 |    5752 |   11385 |  66.4 |      26 |      27 |  50.9
     Lair:3 |   10624 |    2260 |  17.5 |      41 |       2 |   4.7
     Lair:4 |    5957 |     432 |   6.8 |      21 |       2 |   8.7
     Lair:5 |    5125 |    5744 |  52.8 |      21 |      26 |  55.3
     Lair:6 |   10647 |   22211 |  67.6 |      36 |      45 |  55.6
   Spider:1 |   21606 |       0 |   0.0 |      55 |       0 |   0.0
   Spider:2 |   25524 |    6400 |  20.0 |      77 |       7 |   8.3
   Spider:3 |    8847 |    4467 |  33.6 |      27 |      30 |  52.6
   Spider:4 |   11301 |   21418 |  65.5 |      34 |      37 |  52.1
      Orc:1 |    3917 |     918 |  19.0 |      48 |       1 |   2.0
      Orc:2 |    5385 |    6553 |  54.9 |      40 |      46 |  53.5
      Elf:1 |   12677 |    5455 |  30.1 |      19 |       5 |  20.8
   Gauntlet |       0 |    2717 | 100.0 |       0 |       8 | 100.0
            +---------+---------+-------+---------+---------+-------

Illustrated notes

Table legend:
 A = Kills in this place as a percentage of kills in entire the game.
 B = Kills by you in this place as a percentage of kills by you in the entire game.
 C = Kills by friends in this place as a percentage of kills by friends in the entire game.
 D = Other kills in this place as a percentage of other kills in the entire game.
 E = Experience gained in this place as a percentage of experience gained in the entire game.
 F = Experience gained in this place divided by the number of levels of this place that you have seen.
                   A       B       C       D       E      F
               +-------+-------+-------+-------+-------+----------------------
         Total | 100.0 | 100.0 | 100.0 | 100.0 | 100.0 | 12210.0
       Dungeon |  41.7 |  42.0 |  23.1 |   0.0 |  37.3 | 8799.3
          Lair |  22.2 |  22.5 |   0.0 |   0.0 |  24.0 | 14152.7
   Spider Nest |  22.2 |  22.5 |   7.7 |   0.0 |  28.1 | 24890.8
  Orcish Mines |  11.2 |  10.9 |  46.2 |   0.0 |   4.7 | 8386.5
   Elven Halls |   2.0 |   1.8 |   0.0 | 100.0 |   5.1 | 18132.0
      Gauntlet |   0.7 |   0.4 |  23.1 |   0.0 |   0.8 | 2717.0
               +-------+-------+-------+-------+-------+----------------------

Table legend: (Time is in decaauts)
 A = Elapsed time spent in this place.
 B = Non-inter-level travel time spent in this place.
 C = Inter-level travel time spent in this place.
 D = Time resting spent in this place.
 E = Time spent auto-exploring this place.
 F = Levels seen in this place.
 G = Mean time per level.
                   A        B        C        D        E       F      G
               +--------+--------+--------+--------+--------+-----+--------+
         Total |  36785 |  34745 |   2040 |  15030 |  11483 |  29 | 1268.4 |
       Dungeon |  18931 |  17733 |   1198 |   7630 |   6332 |  15 | 1262.1 |
          Lair |   8657 |   8085 |    572 |   3075 |   3274 |   6 | 1442.8 |
   Spider Nest |   6325 |   6185 |    140 |   3362 |   1251 |   4 | 1581.2 |
  Orcish Mines |   1882 |   1753 |    129 |    515 |    590 |   2 |  941.0 |
   Elven Halls |    512 |    512 |      0 |    266 |     34 |   1 |  512.0 |
      Gauntlet |    477 |    477 |      0 |    179 |      0 |   1 |  477.0 |
               +--------+--------+--------+--------+--------+-----+--------+

Top non-repeatable levels by time:
    D:13: 2311 daAuts
Spider:4: 2299 daAuts
Spider:2: 2109 daAuts
  Lair:2: 1887 daAuts
     D:8: 1877 daAuts
  Lair:3: 1691 daAuts
     D:7: 1507 daAuts
  Lair:6: 1497 daAuts
  Lair:1: 1461 daAuts
     D:6: 1334 daAuts
    D:15: 1303 daAuts
     D:3: 1247 daAuts
   Orc:2: 1226 daAuts
    D:14: 1219 daAuts
     D:4: 1162 daAuts
